[Event "Titled Tuesday Blitz July 11 Early 2023"]
[White "Shukhman, Anna"]
[Black "Herman, Daniel"]
[WhiteFideId "54180058"]
[BlackFideId "30935008"]
[WhiteElo "2596"]
[BlackElo "2444"]
[Result "1-0"]
[Round "4"]
[TimeControl "180+2"]
[Date "2023.07.11"]
[WhiteClock "0:00:16"]
[BlackClock "0:00:00"]
[Board "104"]

1. e4 Nf6 2. e5 Nd5 3. d4 d6 4. c4 Nb6 5. f4 dxe5 6. fxe5 Bf5 7. Nc3 e6 8. Be3 Bb4 9. Nf3 Nc6 10. Bd3 Bxd3 11. Qxd3 Na5 12. c5 Nbc4 13. O-O Bxc3 14. Qxc3 Nxe3 15. Qxe3 Nc6 16. d5 Qxd5 17. Rad1 Qc4 18. b3 Qg4 19. Ng5 O-O 20. Rd7 Rad8 21. Rxc7 h6 22. Nf3 Qb4 23. Rc1 Nd4 24. Nxd4 Rxd4 25. Rxb7 Rd1+ 26. Rxd1 Qxb7 27. Qd4 a5 28. Qd7 Qe4 29. Qd4 Qe2 30. a3 Rc8 31. b4 axb4 32. axb4 Qc2 33. Qd2 Qc4 34. Qd7 Rb8 35. c6 1-0


[Site "https://www.chess.com"]

[Event "Titled Tuesday Blitz July 11 Early 2023"]
[White "Arat, Ufuk Sezen"]
[Black "Mihailidis, Anastasios"]
[WhiteFideId "6309089"]
[BlackFideId "4205588"]
[WhiteElo "2584"]
[BlackElo "2444"]
[Result "0-1"]
[Round "4"]
[TimeControl "180+2"]
[Date "2023.07.11"]
[WhiteClock "0:00:07"]
[BlackClock "0:00:09"]
[Board "105"]

1. e4 c5 2. Nf3 d6 3. d4 cxd4 4. Nxd4 Nf6 5. Nc3 g6 6. Be3 Bg7 7. f3 O-O 8. Bc4 Nc6 9. Bb3 Nxd4 10. Bxd4 Be6 11. Qd2 Qa5 12. O-O-O b5 13. Kb1 b4 14. Nd5 Bxd5 15. exd5 Nd7 16. h4 Bxd4 17. Qxd4 Qc5 18. Qd2 a5 19. c4 a4 20. h5 axb3 21. axb3 Nf6 22. g4 Qa5 23. Qh6 Qc5 24. hxg6 fxg6 25. g5 Nh5 26. Rxh5 gxh5 27. g6 hxg6 28. Qxg6+ Kh8 29. Qxh5+ Kg7 30. Re1 Rf7 31. Qg5+ Kf8 32. Qh6+ Ke8 33. Qh8+ Rf8 34. Qg7 Ra7 35. Qg6+ Kd8 36. Qg7 Re8 37. Re6 Rd7 38. f4 Qf2 39. c5 Qxc5 40. f5 Qxd5 41. Qg1 Qd3+ 42. Ka2 Qa6+ 43. Kb1 Ra7 44. Qd4 Qf1+ 45. Kc2 Rc7+ 46. Kd2 Qc1+ 47. Kd3 Qc2+ 48. Ke3 Qxf5 49. Re4 Qh3+ 50. Ke2 Rf8 51. Rf4 Qh2+ 52. Ke3 Qxf4+ 53. Qxf4 Rxf4 54. Kxf4 Rc2 0-1


[Site "https://www.chess.com"]

[Event "Titled Tuesday Blitz July 11 Early 2023"]
[White "Palczert, Matyas"]
[Black "Avazkhonov, Alikhon"]
[WhiteFideId "784958"]
[BlackFideId "14208504"]
[WhiteElo "2584"]
[BlackElo "2436"]
[Result "0-1"]
[Round "4"]
[TimeControl "180+2"]
[Date "2023.07.11"]
[WhiteClock "0:00:00"]
[BlackClock "0:00:02"]
[Board "106"]

1. e4 c5 2. Nf3 d6 3. d4 cxd4 4. Nxd4 Nf6 5. Nc3 a6 6. Qf3 e5 7. Nf5 g6 8. Nh6 Be6 9. Bg5 Nbd7 10. h3 Rc8 11. Ng4 Be7 12. O-O-O Nxg4 13. Bxe7 Qxe7 14. hxg4 Qg5+ 15. Rd2 Nf6 16. Qd1 Nxg4 17. Kb1 O-O 18. f3 Ne3 19. Qe1 Bc4 20. Bxc4 Nxc4 21. Rd3 Rfd8 22. Nd5 b5 23. f4 exf4 24. Rdh3 h5 25. Rxh5 gxh5 26. Rxh5 Qg7 27. e5 Nxe5 28. Qh4 Ng6 29. Nf6+ Kf8 30. Qg5 Rc5 31. Nh7+ Ke8 32. Nf6+ Ke7 33. Nd5+ Kd7 34. Qf5+ Kc6 35. Nb4+ Kb6 36. Qe4 Rdc8 37. Rxc5 Rxc5 38. Qa8 Qe5 39. Qxa6+ Kc7 40. Qa7+ Kd8 41. Qb8+ Ke7 42. Qb7+ Kf6 43. Nd3 Qe3 44. a3 Qg1+ 45. Ka2 Rxc2 46. Qxb5 Qd4 47. Qb3 Rd2 48. Nb4 Ne5 49. a4 Nd3 50. Nc2 Rxc2 51. Qxc2 Nb4+ 0-1


[Site "https://www.chess.com"]

[Event "Titled Tuesday Blitz July 11 Early 2023"]
[White "JonSnowNW1"]
[Black "Kim, Sergey"]
[BlackFideId "13700570"]
[WhiteElo "2434"]
[BlackElo "2581"]
[Result "0-1"]
[Round "4"]
[TimeControl "180+2"]
[Date "2023.07.11"]
[WhiteClock "0:00:00"]
[BlackClock "0:01:51"]
[Board "107"]

1. c4 Nf6 2. Nc3 g6 3. g3 d6 4. Bg2 Bg7 5. Nf3 O-O 6. O-O e5 7. d3 c6 8. Rb1 Re8 9. b4 d5 10. Bg5 h6 11. Bxf6 Bxf6 12. e4 dxc4 13. dxc4 Be6 14. Qe2 a5 15. Rfd1 Qe7 16. b5 Qc5 17. Nd2 Nd7 18. Na4 Qa3 19. bxc6 bxc6 20. Nb6 Nxb6 21. Rxb6 Qc5 22. Rb7 Red8 23. Bf1 h5 24. Nb3 Qa3 0-1


[Site "https://www.chess.com"]

[Event "Titled Tuesday Blitz July 11 Early 2023"]
[White "Omariev, Maksim"]
[Black "NovoselovRoman"]
[WhiteFideId "4193423"]
[WhiteElo "2429"]
[BlackElo "2563"]
[Result "0-1"]
[Round "4"]
[TimeControl "180+2"]
[Date "2023.07.11"]
[WhiteClock "0:00:00"]
[BlackClock "0:00:08"]
[Board "108"]

1. g4 d5 2. Bg2 Nc6 3. h3 e5 4. c3 h5 5. gxh5 Nf6 6. d4 e4 7. Bg5 Rxh5 8. h4 Bd6 9. Nd2 Bf5 10. e3 Rh8 11. Ne2 Qd7 12. Qa4 O-O-O 13. O-O-O Kb8 14. Kb1 Ne7 15. Qxd7 Bxd7 16. Bxf6 gxf6 17. Rdg1 Rdg8 18. f3 exf3 19. Bxf3 Rxg1+ 20. Nxg1 Nf5 21. Bxd5 Nxe3 22. Bxf7 Bf5+ 23. Kc1 Bf4 24. Ne2 Bh6 25. Ng3 Bh7 26. h5 Bf4 27. Ne2 Bg5 28. Ng3 Bd3 29. Bg6 Bb5 30. Re1 Nc4 31. Nf1 Nxd2 32. Nxd2 a5 33. Kc2 a4 34. b3 axb3+ 35. axb3 Bc6 36. c4 Rd8 37. d5 Bd7 38. Ne4 Bh4 39. Re2 f5 40. Nc5 Bc8 41. Ne6 Rh8 42. Nd4 f4 43. Nf3 Bg3 44. Rg2 Bg4 45. Ne5 Bxh5 46. Be4 Be8 47. Kd3 Rf8 48. Ng6 Bxg6 49. Bxg6 f3 50. Rg1 f2 51. Rf1 Kc8 52. Be4 Bd6 53. Kd4 b6 54. Ke3 Bc5+ 55. Ke2 Kd7 56. Bf3 Kd6 57. Bg4 Ra8 58. Be6 Ra2+ 59. Kf3 Rb2 60. Kg2 Rxb3 61. Rd1 Rc3 62. Rb1 Rxc4 63. Rd1 Re4 64. Kf1 b5 65. Rb1 b4 66. Kg2 Re1 0-1


[Site "https://www.chess.com"]

[Event "Titled Tuesday Blitz July 11 Early 2023"]
[White "whiteglovethief"]
[Black "Vovk, Orest"]
[BlackFideId "14113490"]
[WhiteElo "2420"]
[BlackElo "2561"]
[Result "1-0"]
[Round "4"]
[TimeControl "180+2"]
[Date "2023.07.11"]
[WhiteClock "0:00:14"]
[BlackClock "0:00:00"]
[Board "109"]

1. d4 h6 2. e4 g5 3. Nc3 Bg7 4. f4 c5 5. dxc5 Bxc3+ 6. bxc3 Nc6 7. fxg5 hxg5 8. Bxg5 Qa5 9. Qd2 Qxc5 10. Nf3 d6 11. Rb1 a6 12. Be2 b5 13. Be3 Qa3 14. O-O Nf6 15. Rb3 Qa4 16. e5 dxe5 17. c4 bxc4 18. Rb6 Be6 19. Ng5 Rd8 20. Qc1 Nd5 21. Nxe6 fxe6 22. Rb7 Rd7 23. Rb1 Nc3 24. Bf3 Nxb1 25. Qxb1 Nd4 26. Bxd4 exd4 27. Qb6 Qb5 28. Qxe6 Kd8 29. Bc6 1-0


[Site "https://www.chess.com"]

[Event "Titled Tuesday Blitz July 11 Early 2023"]
[White "Fule, Simon"]
[Black "AyMitecK"]
[WhiteFideId "787515"]
[WhiteElo "2411"]
[BlackElo "2556"]
[Result "0-1"]
[Round "4"]
[TimeControl "180+2"]
[Date "2023.07.11"]
[WhiteClock "0:00:05"]
[BlackClock "0:00:21"]
[Board "110"]

1. e4 e6 2. d4 d5 3. Nc3 Nf6 4. e5 Nfd7 5. f4 c5 6. Nf3 Nc6 7. Be3 Be7 8. Qd2 O-O 9. h4 b6 10. Bb5 Bb7 11. g4 f6 12. exf6 Nxf6 13. Bxc6 Bxc6 14. g5 Ng4 15. O-O-O Nxe3 16. Qxe3 Qd6 17. Ne5 Rf5 18. dxc5 bxc5 19. Ne4 Rxe5 20. fxe5 Qxe5 21. Rhe1 Qxe4 22. Qg3 Qg6 23. Qc7 Ba4 24. b3 Bd8 25. Qb7 Qe8 26. bxa4 Rb8 27. Qa6 Rb6 28. Qxa7 c4 29. Rxd5 Qf8 30. Rb5 Qa3+ 31. Kd1 Rxb5 32. Rf1 Rd5+ 33. Ke2 Qe7 34. Qxe7 Bxe7 35. Rf4 Rc5 36. Kd2 h6 37. gxh6 gxh6 38. Kc3 Kg7 39. h5 Rxh5 40. Rxc4 Ra5 41. Kb3 h5 42. Re4 Kf7 43. Rf4+ Rf5 44. Rxf5+ exf5 45. a5 Bc5 46. Kc4 Ba7 47. Kd5 h4 48. Ke5 Kg6 49. Kf4 Bb8+ 50. Kf3 Kg5 51. c4 Ba7 52. a4 Bc5 53. a6 Ba7 54. a5 Bc5 55. a7 Bxa7 56. a6 Bc5 57. Kg2 Ba7 58. Kf3 f4 59. Ke4 Kg4 60. Kd5 f3 61. c5 f2 62. c6 f1=Q 63. c7 Qd3+ 64. Kc6 Qxa6+ 65. Kd7 Qb7 66. Kd8 Bb6 0-1


[Site "https://www.chess.com"]

[Event "Titled Tuesday Blitz July 11 Early 2023"]
[White "Shubenkova, Veronika"]
[Black "MAHanif"]
[WhiteFideId "44124040"]
[WhiteElo "2550"]
[BlackElo "2381"]
[Result "0-1"]
[Round "4"]
[TimeControl "180+2"]
[Date "2023.07.11"]
[WhiteClock "0:00:13"]
[BlackClock "0:00:15"]
[Board "111"]

1. e4 e6 2. d4 Nf6 3. Bd3 d6 4. c4 b6 5. Nc3 Bb7 6. Bg5 Be7 7. f3 Nc6 8. Nge2 Nxe4 9. Bxe4 Bxg5 10. d5 Na5 11. dxe6 fxe6 12. b4 Bxe4 13. bxa5 Bg6 14. f4 Bf6 15. O-O O-O 16. Rc1 Kh8 17. Nd4 Qd7 18. Nb3 c6 19. Qe2 d5 20. cxd5 exd5 21. Kh1 Rae8 22. Qf3 d4 23. Ne2 c5 24. f5 Bxf5 25. Nexd4 Be4 26. Qg3 cxd4 27. Rc7 Qe6 28. Qe1 Bxg2+ 29. Kxg2 Qxe1 30. Rxe1 Rxe1 31. Rxa7 bxa5 32. Rxa5 Re2+ 33. Kf3 d3 34. Rd5 Bd4+ 35. Kg4 Rg2+ 36. Kh3 Rxa2 37. Rxd4 Ra3 38. Rxd3 Rb8 39. Kh4 Raxb3 40. Rd7 R3b7 41. Rd1 Rb4+ 42. Kg5 h6+ 43. Kg6 Rg4+ 44. Kf5 Rg5+ 45. Ke6 Re8+ 46. Kf7 Rc8 47. h4 Rg2 48. h5 Rf2+ 49. Ke6 Rcf8 50. Kd7 R2f7+ 51. Kc6 Rf5 52. Kd7 Rxh5 53. Ke7 Rhf5 54. Ke6 R5f7 55. Ke5 Rf6 56. Ke4 Kh7 57. Rg1 R8f7 58. Ke5 Rg6 59. Rh1 Rff6 60. Rh2 Rg5+ 61. Ke4 h5 62. Ke3 Kg6 63. Ke4 Rg4+ 64. Ke3 Rf5 65. Ke2 Kg5 66. Ke3 h4 67. Rh1 Rg3+ 68. Ke4 Rf4+ 69. Ke5 Kg4 70. Rxh4+ Kxh4 71. Kxf4 g5+ 72. Kf5 g4 73. Kg6 Rf3 74. Kh6 g3 75. Kg6 g2 76. Kh6 g1=Q 77. Kh7 Qg4 78. Kh6 Rg3 79. Kh7 Qh5# 0-1


[Site "https://www.chess.com"]

[Event "Titled Tuesday Blitz July 11 Early 2023"]
[White "Rosh Jain"]
[Black "Mattheii"]
[WhiteFideId "25789465"]
[WhiteElo "2381"]
[BlackElo "2543"]
[Result "1-0"]
[Round "4"]
[TimeControl "180+2"]
[Date "2023.07.11"]
[WhiteClock "0:01:43"]
[BlackClock "0:01:30"]
[Board "112"]

1. e4 c5 2. Nc3 Nc6 3. f4 g6 4. Nf3 Bg7 5. a4 e6 6. Bb5 Nd4 7. O-O a6 8. Bc4 Ne7 9. e5 d5 10. exd6 Qxd6 11. d3 O-O 12. Be3 Nec6 13. Ne4 Qe7 14. c3 Nxf3+ 15. Qxf3 b6 16. Nxc5 bxc5 17. Qxc6 Bb7 18. Qxc5 Qxc5 19. Bxc5 Rfd8 20. d4 Rac8 21. Bb3 Bc6 22. a5 Rb8 23. Bb6 Rd7 24. Bc4 Bb7 25. Rac1 Bf8 26. g3 Bd6 27. b4 Bc7 28. Bc5 Bd6 29. Bxd6 Rxd6 30. Bb3 Rc8 31. Rfd1 Bf3 32. Rd2 Rcd8 33. Kf2 Bb7 34. Ke3 f6 35. Kd3 Kg7 36. Re2 Re8 37. Rce1 Bc8 38. Kc2 Bd7 39. d5 e5 40. fxe5 fxe5 41. Rxe5 Rf8 42. Re7+ Kh6 43. R1e2 Bg4 44. Rd2 Rf1 45. c4 Rdf6 46. d6 Bf5+ 47. Kc3 Rc1+ 48. Kb2 Rb1+ 49. Ka2 1-0


[Site "https://www.chess.com"]

[Event "Titled Tuesday Blitz July 11 Early 2023"]
[White "Slavin, Alexey"]
[Black "Pham, Le Thao Nguyen"]
[WhiteFideId "24104388"]
[BlackFideId "12401226"]
[WhiteElo "2361"]
[BlackElo "2526"]
[Result "0-1"]
[Round "4"]
[TimeControl "180+2"]
[Date "2023.07.11"]
[WhiteClock "0:00:00"]
[BlackClock "0:00:04"]
[Board "113"]

1. e4 c6 2. d4 d5 3. e5 Bf5 4. Nf3 e6 5. Be2 Nd7 6. O-O h6 7. c3 Ne7 8. Nbd2 Bh7 9. a3 Nf5 10. b4 Be7 11. Nb3 O-O 12. Bd3 Re8 13. Nc5 Nxc5 14. bxc5 Nh4 15. Bxh7+ Kxh7 16. Nxh4 Bxh4 17. Qh5 Rf8 18. g3 Be7 19. h4 b6 20. cxb6 axb6 21. Kg2 b5 22. Re1 Qe8 23. Re3 f5 24. Qe2 Qg6 25. h5 Qg4 26. Bb2 Qxe2 27. Rxe2 f4 28. gxf4 Rxf4 29. f3 Rf5 30. Kg3 Rxh5 31. f4 Rf5 32. Kg4 h5+ 33. Kg3 Kh6 34. Rh2 Kg6 35. Kf3 Ra4 36. Ke3 Kh6 37. Rh3 g5 38. fxg5+ Bxg5+ 39. Kd3 h4 40. Bc1 Bxc1 41. Rxc1 Kh5 42. Rch1 Rf4 43. Ke3 Rg4 44. Kd3 Rxa3 45. Rf3 b4 46. Kc2 Rg2+ 47. Kb1 Rxc3 48. Rf6 h3 49. Rxe6 h2 0-1


[Site "https://www.chess.com"]

[Event "Titled Tuesday Blitz July 11 Early 2023"]
[White "Fiorito, Francisco"]
[Black "Skuhala, Barbara"]
[WhiteFideId "180165"]
[BlackFideId "14605465"]
[WhiteElo "2525"]
[BlackElo "2341"]
[Result "1-0"]
[Round "4"]
[TimeControl "180+2"]
[Date "2023.07.11"]
[WhiteClock "0:00:44"]
[BlackClock "0:00:13"]
[Board "114"]

1. d4 Nf6 2. Nc3 d5 3. Bf4 e6 4. Nb5 Bd6 5. Nxd6+ cxd6 6. e3 Nc6 7. c3 e5 8. Bg3 O-O 9. Nf3 Re8 10. Be2 Bf5 11. O-O Bg6 12. Qb3 Qb6 13. Qa3 Rad8 14. Rad1 e4 15. Nd2 Nb8 16. c4 Qa6 17. Qb3 Qb6 18. Qxb6 axb6 19. cxd5 Nxd5 20. Nc4 Re6 21. Rc1 Nc6 22. a3 Kf8 23. Nd2 Nde7 24. Bc4 d5 25. Ba2 Nc8 26. Rc2 f5 27. h4 Bf7 28. Rfc1 Ree8 29. Nb1 h6 30. Bf4 Ke7 31. Nc3 Be6 32. b4 Kf6 33. b5 Na5 34. Ne2 Ne7 35. Be5+ Kf7 36. h5 Rc8 37. Nf4 Rxc2 38. Rxc2 Rd8 39. Rc7 Rd7 40. Rxd7 Bxd7 41. Bxd5+ Nxd5 42. Nxd5 Bxb5 43. Nxb6 Be2 44. d5 Bxh5 45. d6 Nc6 46. Bc3 g5 47. Kf1 Ke6 48. d7 Ke7 49. Bb4+ Kd8 50. Bc3 Nb8 51. Bf6+ 1-0


[Site "https://www.chess.com"]

[Event "Titled Tuesday Blitz July 11 Early 2023"]
[White "Wernberg, Hugo"]
[Black "Chen, Max"]
[WhiteFideId "1737511"]
[BlackFideId "2622440"]
[WhiteElo "2330"]
[BlackElo "2523"]
[Result "0-1"]
[Round "4"]
[TimeControl "180+2"]
[Date "2023.07.11"]
[WhiteClock "0:00:03"]
[BlackClock "0:00:37"]
[Board "115"]

1. d4 Nf6 2. c4 b6 3. Nf3 g6 4. g3 Bg7 5. Bg2 Bb7 6. O-O O-O 7. Re1 c5 8. d5 Ne4 9. Qc2 f5 10. Nbd2 Nxd2 11. Bxd2 e5 12. e4 h6 13. exf5 d6 14. fxg6 Qf6 15. Be3 Bc8 16. Nd2 Bf5 17. Be4 Qxg6 18. Bxf5 Rxf5 19. Qe4 Nd7 20. g4 Raf8 21. Kh1 R5f6 22. Qxg6 Rxg6 23. h3 Nf6 24. f3 h5 25. Kg2 hxg4 26. hxg4 e4 27. Nxe4 Nxe4 28. fxe4 Rxg4+ 29. Kh3 Rg6 30. Rg1 Rf3+ 31. Kh2 Be5+ 32. Kh1 Rh3# 0-1


[Site "https://www.chess.com"]

[Event "Titled Tuesday Blitz July 11 Early 2023"]
[White "Todorovic, Bojan"]
[Black "feuervogel1000000"]
[WhiteFideId "917087"]
[WhiteElo "2328"]
[BlackElo "2520"]
[Result "0-1"]
[Round "4"]
[TimeControl "180+2"]
[Date "2023.07.11"]
[WhiteClock "0:00:11"]
[BlackClock "0:01:43"]
[Board "116"]

1. d4 d5 2. c4 e6 3. Nc3 Nf6 4. cxd5 exd5 5. Bg5 c6 6. e3 h6 7. Bf4 Bf5 8. h3 g6 9. g4 Be6 10. Bd3 Bg7 11. Nge2 O-O 12. Qc2 Na6 13. a3 b5 14. Be5 Rc8 15. Nf4 Bd7 16. b4 Nc7 17. Nce2 Re8 18. Ng3 Ne6 19. Nxg6 fxg6 20. Bxg6 Rf8 21. Nf5 Ne4 22. Bxg7 Nxg7 23. Nxh6+ Kh8 24. Bxe4 dxe4 25. Qxe4 Qf6 26. Nf5 Bxf5 27. gxf5 Qxf5 28. Qh4+ Qh5 29. Qxh5+ Nxh5 30. Rc1 Nf6 31. Rg1 Rg8 32. Rxg8+ Kxg8 33. Ke2 Kf7 34. f3 Nd5 35. e4 Nb6 36. Rc5 Ke6 37. f4 Nc4 38. f5+ Kd7 39. e5 Rh8 40. f6 Rxh3 41. d5 Nxe5 42. dxc6+ Nxc6 43. Rxb5 Nd4+ 0-1


[Site "https://www.chess.com"]

[Event "Titled Tuesday Blitz July 11 Early 2023"]
[White "FromTexas54"]
[Black "tomobeast"]
[WhiteElo "2511"]
[BlackElo "2286"]
[Result "1-0"]
[Round "4"]
[TimeControl "180+2"]
[Date "2023.07.11"]
[WhiteClock "0:01:17"]
[BlackClock "0:01:41"]
[Board "117"]

1. d4 Nf6 2. c4 e6 3. Nf3 b6 4. g3 Bb4+ 5. Bd2 Be7 6. Bg2 Bb7 7. O-O O-O 8. Nc3 c5 9. dxc5 Bxc5 10. Bf4 Nc6 11. a3 d5 12. b4 Bd6 13. cxd5 exd5 14. Bg5 Be7 15. Nd4 Ne5 16. Nf5 Ne4 17. Nxe7+ Qxe7 18. Bxe7 Nxc3 19. Qd2 Rfe8 20. Qxc3 Rxe7 21. Rfd1 Rc8 22. Qd4 Rc4 23. Qd2 Ng4 24. Bxd5 Rd7 25. Bxc4 Rxd2 26. Rxd2 1-0


[Site "https://www.chess.com"]

[Event "Titled Tuesday Blitz July 11 Early 2023"]
[White "Santos Flores, Alberto"]
[Black "Peiris, T G M"]
[WhiteFideId "3601234"]
[BlackFideId "9901310"]
[WhiteElo "2500"]
[BlackElo "2229"]
[Result "1-0"]
[Round "4"]
[TimeControl "180+2"]
[Date "2023.07.11"]
[WhiteClock "0:00:30"]
[BlackClock "0:00:35"]
[Board "118"]

1. e4 c5 2. Nf3 d6 3. Bb5+ Bd7 4. Bxd7+ Nxd7 5. c4 e5 6. Nc3 g6 7. h4 h5 8. d3 Bg7 9. Bg5 Ne7 10. Nd5 f6 11. Be3 Nxd5 12. cxd5 O-O 13. Qd2 Kh7 14. O-O Rc8 15. a3 a6 16. b4 b5 17. bxc5 dxc5 18. a4 Nb6 19. axb5 axb5 20. Rfb1 Qd7 21. Qa5 Nxd5 22. exd5 Qxd5 23. Qxb5 Rfd8 24. Rc1 Qxd3 25. Qxd3 Rxd3 26. Rxc5 Rxc5 27. Bxc5 e4 28. Nd4 f5 29. Ra7 Kg8 30. Ne6 Be5 31. g3 Rc3 32. Be3 Rc6 33. Ra8+ Kh7 34. Ng5+ Kg7 35. Ra7+ Kg8 36. Bf4 Bd4 37. Ra8+ Kg7 38. Be3 Be5 39. Re8 Bf6 40. Kg2 Ra6 41. Re6 Ba1 42. Rxa6 1-0


[Site "https://www.chess.com"]

[Event "Titled Tuesday Blitz July 11 Early 2023"]
[White "marik_spb"]
[Black "Thiel, Thomas"]
[BlackFideId "4615964"]
[WhiteElo "2498"]
[BlackElo "2222"]
[Result "1/2-1/2"]
[Round "4"]
[TimeControl "180+2"]
[Date "2023.07.11"]
[WhiteClock "0:00:03"]
[BlackClock "0:00:20"]
[Board "119"]

1. e4 d5 2. exd5 Nf6 3. Bb5+ Nbd7 4. Nc3 a6 5. Ba4 b5 6. Bb3 Nc5 7. d4 Nxb3 8. axb3 Bb7 9. Nf3 Nxd5 10. O-O e6 11. Bg5 Be7 12. Bxe7 Qxe7 13. Re1 O-O 14. Ne4 Nf4 15. Qd2 e5 16. Nxe5 Nxg2 17. Kxg2 f5 18. f3 fxe4 19. fxe4 Rad8 20. Qe3 c5 21. c3 cxd4 22. cxd4 Qh4 23. Rac1 Rf4 24. d5 Qg5+ 25. Kh1 Qxe5 26. Qc3 Qxc3 27. bxc3 Rxe4 28. c4 Rxe1+ 29. Rxe1 bxc4 30. bxc4 Rc8 31. Re7 Ba8 32. Kg1 Kf8 33. Ra7 Kg8 34. Rxa6 Kf7 35. Ra7+ Kf6 36. Kf2 Rxc4 37. Rxa8 Rd4 38. Rd8 Ke5 39. Rg8 Kf6 40. Rd8 g5 41. Ke3 Ra4 42. d6 h5 43. d7 Ke7 44. Rg8 Kxd7 45. Rxg5 Rh4 46. Kf3 Rxh2 47. Kg3 Rh1 48. Kg2 Rh4 49. Kg3 Rg4+ 50. Rxg4 hxg4 51. Kxg4 1/2-1/2


[Site "https://www.chess.com"]

[Event "Titled Tuesday Blitz July 11 Early 2023"]
[White "Ishowmoves57"]
[Black "Belov, Alexei"]
[BlackFideId "4128206"]
[WhiteElo "2137"]
[BlackElo "2488"]
[Result "0-1"]
[Round "4"]
[TimeControl "180+2"]
[Date "2023.07.11"]
[WhiteClock "0:00:13"]
[BlackClock "0:00:40"]
[Board "120"]

1. e4 e6 2. d4 d5 3. Bd3 dxe4 4. Bxe4 Nf6 5. Bd3 c5 6. Nf3 Nc6 7. Be3 Nd5 8. Bg5 f6 9. Ne5 Nxe5 10. dxe5 fxg5 11. Qh5+ Kd7 12. Nc3 Nxc3 13. bxc3 Kc7 14. Rd1 Qe7 15. Bb5 a6 16. Be8 g6 17. Bxg6 Bg7 18. Be4 Bd7 19. O-O Bc6 20. Bxc6 bxc6 21. Rd6 Bxe5 22. Rd3 Rhd8 23. Re3 Bf4 24. Re4 Rd5 25. g3 Bd6 26. Qe2 e5 27. c4 Rd4 28. Re1 Rf8 29. Rxd4 cxd4 30. f4 gxf4 31. gxf4 Rxf4 32. Kh1 e4 33. Qd2 e3 34. Qa5+ Kd7 35. Qxa6 Qe4+ 36. Kg1 Rg4+ 37. Kf1 Qg2# 0-1


[Site "https://www.chess.com"]

[Event "Titled Tuesday Blitz July 11 Early 2023"]
[White "Ibarra Jerez, Jose Carlos"]
[Black "Atanasov, Radislav"]
[WhiteFideId "2226332"]
[BlackFideId "2901471"]
[WhiteElo "2903"]
[BlackElo "2205"]
[Result "1-0"]
[Round "4"]
[TimeControl "180+2"]
[Date "2023.07.11"]
[WhiteClock "0:00:09"]
[BlackClock "0:00:04"]
[Board "121"]

1. b3 e5 2. Bb2 Nc6 3. e3 Nge7 4. Nf3 d6 5. d4 e4 6. Nfd2 d5 7. c4 Bf5 8. Nc3 dxc4 9. bxc4 Qd7 10. Ndxe4 O-O-O 11. d5 Na5 12. Nc5 Qd6 13. Qd4 Nec6 14. dxc6 Qxc5 15. cxb7+ Nxb7 16. Qxc5 Nxc5 17. Rd1 Nd3+ 18. Bxd3 Bxd3 19. f3 Bc5 20. Kf2 Bxc4 21. Ne4 Bb6 22. Bxg7 Rhe8 23. Rxd8+ Kxd8 24. Bf6+ Kc8 25. Rc1 Rxe4 26. fxe4 Bxa2 27. Bd4 Be6 28. Kf3 Kb7 29. Kf4 a5 30. g4 a4 31. g5 a3 32. Be5 a2 33. h4 Ka6 34. h5 Kb5 35. Ba1 Kb4 36. Re1 Kb3 37. Ke5 Kc2 38. g6 hxg6 39. hxg6 Bb3 40. g7 f6+ 41. Kxf6 Ba5 42. Rg1 Bc3+ 43. Bxc3 Kxc3 44. Ra1 Kb2 45. Rxa2+ Kxa2 46. e5 c5 47. e6 Bxe6 48. Kxe6 c4 49. g8=Q c3 50. Ke5+ Kb1 51. Qb8+ Kc1 52. Kd4 c2 53. Kc3 Kd1 54. Qd6+ Kc1 55. Qd2+ Kb1 56. Qxc2+ Ka1 57. Qb2# 1-0


[Site "https://www.chess.com"]

[Event "Titled Tuesday Blitz July 11 Early 2023"]
[White "Mazurkiewicz, Michal"]
[Black "Atakhan, Abtin"]
[WhiteFideId "1124943"]
[BlackFideId "22502203"]
[WhiteElo "2420"]
[BlackElo "2736"]
[Result "0-1"]
[Round "4"]
[TimeControl "180+2"]
[Date "2023.07.11"]
[WhiteClock "0:00:47"]
[BlackClock "0:02:01"]
[Board "122"]

1. e4 c5 2. Nf3 d6 3. g3 Nf6 4. d3 g6 5. Bg2 Bg7 6. O-O O-O 7. Re1 Nc6 8. e5 dxe5 9. Nxe5 Nxe5 10. Rxe5 c4 11. d4 Ng4 12. Rd5 Qb6 13. c3 e5 14. h3 Nxf2 15. Kxf2 Be6 16. Be3 Bxd5 17. Bxd5 Qxb2+ 18. Nd2 exd4 19. cxd4 c3 20. Rb1 c2 21. Rxb2 cxd1=Q 0-1


[Site "https://www.chess.com"]

[Event "Titled Tuesday Blitz July 11 Early 2023"]
[White "Jarovinsky, Alexey"]
[Black "Nikologorsky, Matfei"]
[WhiteFideId "14115131"]
[BlackFideId "24102474"]
[WhiteElo "2712"]
[BlackElo "2420"]
[Result "1-0"]
[Round "4"]
[TimeControl "180+2"]
[Date "2023.07.11"]
[WhiteClock "0:00:05"]
[BlackClock "0:00:00"]
[Board "123"]

1. Nc3 c5 2. e4 e6 3. g3 d5 4. Bg2 d4 5. Nce2 Nc6 6. d3 e5 7. f4 Nf6 8. h3 Bd6 9. Nf3 Qc7 10. O-O O-O 11. f5 Ne8 12. g4 b5 13. g5 c4 14. Ng3 cxd3 15. cxd3 Nb4 16. Rf2 Bd7 17. a3 Nc6 18. Bd2 a5 19. h4 a4 20. Kh2 b4 21. Bh3 bxa3 22. bxa3 Na5 23. Bxa5 Rxa5 24. f6 Bxh3 25. Kxh3 Qd7+ 26. Kg2 g6 27. h5 Nc7 28. hxg6 fxg6 29. Qh1 Ne6 30. Ne2 Rb5 31. Ra2 Rfb8 32. Qh6 Qf7 33. Kg3 Rb2 34. Neg1 Rxf2 35. Kxf2 Rb3 36. Ne1 Bxa3 37. Ngf3 Qc7 38. Qh3 Nf4 39. Qg4 Rb2+ 40. Rxb2 Bxb2 41. Ng2 Nxg2 42. Qe6+ Kf8 43. Nxe5 Nf4 44. Nd7+ Qxd7 45. Qxd7 Ba3 46. Qg7+ Ke8 47. Qg8+ Kd7 48. Qxh7+ Ke6 49. Qg8+ 1-0


[Site "https://www.chess.com"]

[Event "Titled Tuesday Blitz July 11 Early 2023"]
[White "Matveeva, Olga"]
[Black "Bryakin, Mikhail"]
[WhiteFideId "24107018"]
[BlackFideId "4165314"]
[WhiteElo "2414"]
[BlackElo "2704"]
[Result "1-0"]
[Round "4"]
[TimeControl "180+2"]
[Date "2023.07.11"]
[WhiteClock "0:00:18"]
[BlackClock "0:00:00"]
[Board "124"]

1. d4 g6 2. c4 Bg7 3. Nf3 d6 4. g3 c5 5. d5 f5 6. Bg2 Nf6 7. h4 O-O 8. Nc3 e5 9. dxe6 Bxe6 10. Qd3 Nc6 11. Bg5 Nb4 12. Qd2 Bxc4 13. h5 Qe7 14. hxg6 hxg6 15. a3 Nc6 16. O-O-O Rad8 17. Bh6 b5 18. Bxg7 Qxg7 19. Ng5 b4 20. Bxc6 bxc3 21. Qxc3 d5 22. Ne6 Qe7 23. Nxf8 Qxf8 24. Rh4 Rd6 25. Ba4 Kf7 26. Rdh1 Bxe2 27. Rh7+ Nxh7 28. Rxh7+ Ke6 29. Qe3+ Kf6 30. Qxe2 Re6 31. Qd3 Qd6 32. f4 d4 33. Bb3 Re7 34. Rxe7 Qxe7 35. Kd2 Qb7 36. Qc4 Qg2+ 37. Kc1 Qg1+ 38. Kc2 Qg2+ 39. Kb1 Qe4+ 40. Ka2 Qe7 41. Qd5 a5 42. Qa8 Kg7 43. Qxa5 g5 44. fxg5 Kg6 45. Qd2 Qe4 46. Qf4 Qc6 47. Qe5 Kxg5 48. Qg7+ Qg6 49. Qxg6+ Kxg6 50. a4 Kg5 51. a5 Kg4 52. a6 Kxg3 53. a7 f4 54. a8=Q f3 55. Qe4 f2 56. Qg6+ Kf4 57. Bc4 Ke3 58. Qf5 d3 59. Qxd3+ 1-0


[Site "https://www.chess.com"]